 Dungeon Crawl Stone Soup version bcrawl-1.13-2-g5ca86534bc (webtiles) character file.

Game seed: 12409355210982131929

96 Camlann the Cudgeler (level 4, -5/28 HPs)
             Began as a Gargoyle Archaeologist on July 30, 2019.
             Slain by an ogre
             ... wielding a +0 giant club
              (20 damage)
             ... on level 3 of the Dungeon.
             The game lasted 00:04:01 (2705 turns).

Camlann the Cudgeler (Gargoyle Archaeologist)       Turns: 2705, Time: 00:04:01

Health: -5/28      AC: 12    Str: 16      XL:     4   Next: 67%
Magic:  4/4        EV: 11    Int: 13 (14) God:
Gold:   206        SH:  0    Dex:  7 (8)  Spells: 3/3 levels left

rFire    . . .     SeeInvis .   a - +0 whip
rCold    . . .     Gourm    .   (no shield)
rNeg     + . .     Faith    .   o - +0 ring mail
rPois    ∞         Spirit   .   c - +1 hat
rElec    +         Reflect  .   j - +0 cloak
rCorr    .         Harm     .   (no gloves)
MR       .....                  d - +1 pair of boots
Stlth    +.........             (no amulet)
HPRegen  0.09/turn              n - ring of insulation
MPRegen  0.09/turn              (no ring)

@: studying Maces & Flails
A: negative energy resistance 1, electricity resistance, unbreathing,
petrification resistance, rot immunity, AC +3
a: no special abilities


You were on level 3 of the Dungeon.
You were very hungry.

You visited 1 branch of the dungeon, and saw 3 of its levels.

You collected 206 gold pieces.


Innate Abilities, Weirdness & Mutations

You are resistant to torment.
Your stone body is resilient. (AC +3)
You are immune to poison.
You resist negative energy. (rN+)
You are resistant to electric shocks. (rElec)
You can survive without breathing.
You are immune to petrification.
You are immune to rotting.


   Skills:
 - Level 3.2 Fighting
 + Level 4.5 Maces & Flails
 - Level 2.4 Dodging
 - Level 3.6 Stealth


You had 3 spell levels left.
You didn't know any spells.
Your spell library contained the following spells:

 Spells                   Type           Power        Failure   Level  Hunger
 Beastly Appendage        Tmut           #.....       52%         1    ##.....
 Sticks to Snakes         Tmut           #.......     65%         2    ###....
 Spider Form              Tmut/Pois      #..          87%         3    ####...
 Ice Form                 Ice/Tmut       #.......     99%         4    #####..
 Blade Hands              Tmut           #.........   100%        5    ######.


Dungeon Overview and Level Annotations

Branches:
Dungeon (3/12)

Altars:

Inventory:

Hand Weapons
 a - a +0 whip (weapon)
Armour
 c - a +1 hat (worn)
 d - a +1 pair of boots (worn)
 j - a +0 cloak (worn)
   (You found it on level 1 of the Dungeon)
 o - a +0 ring mail (worn)
   (You found it on level 1 of the Dungeon)
Jewellery
 n - a ring of insulation (left hand)
   (You found it on level 1 of the Dungeon)
Scrolls
 h - a scroll of teleportation
 i - a scroll of remove curse
 k - a scroll of amnesia
 l - 3 scrolls of identify
 m - a scroll of blinking
Potions
 b - 2 potions of curing
Books
 e - a manual of Maces & Flails {!d}
Miscellaneous
 f - an ancient crate
Comestibles
 g - 5 rations {!d}

,,,,,,,,*###..O.#..##*****,,,****
,,,,,,,,+,....O.....,,,,,,,,,,,,+
,,,,,,,,***#.......#******,>,****
,,,,,,,** *#......# *,,** *
*,,,,,** *#.....# ****,*****
**,,,** #.....# *,,,,,,,,* *#+#*
###.### *,**,***,* #.# #O# *,**,*
*,* #.# #9# *,**,***,* ##.## #.#
*,**,,**,* ##...## ##### #.#
*,***,**,* #.%...# #...####.#
*,,,,,,,,** ##...####........#
*****,**,,, )...........######
*,**,** ###.#####...### *,,,,*
#.....###...## ******
#.o.#..#..#..#


You could see 2 ogres.


Message History

Found a leather armour.
Found 4 gold pieces.
Found 187 stones.
You see here a leather armour.
You now have 191 gold pieces (gained 4).
You open the door.
There is an open door here.
A rat comes into view.
The rat bites you but does no damage.
You closely miss the rat. The rat bites you but does no damage.
You barely miss the rat. The rat closely misses you.
You hit the rat.
You kill the rat!
No target in view!
No target in view!
No target in view!
No target in view!
No target in view!
No target in view!
No target in view!
No target in view!
No target in view!
No target in view!
Found 15 gold pieces.
You now have 206 gold pieces (gained 15).
Found 128 sling bullets.
You see here 128 sling bullets.
Found a purple potion.
b - 2 purple potions (gained 1)
Found a scroll labeled AMUMISOANTO.
m - a scroll labeled AMUMISOANTO
g - 5 rations {!d} (gained 1)
You are feeling very hungry.
The ogre is too close now for your liking.
As you read the scroll of identify, it crumbles to dust.
b - 2 potions of curing
Okay, then.
As you read the scroll of identify, it crumbles to dust.
m - a scroll of blinking The ogre shouts!
An ogre comes into view. It is wielding a +0 giant club.
Found a twisted wooden ring.
You hit the ogre.
The ogre is lightly wounded.
The ogre hits you with a +0 giant club.
You hit the ogre.
The ogre is lightly wounded.
You hit the ogre but do no damage.
The ogre is lightly wounded.
The ogre misses you.
You barely miss the ogre.
The ogre is lightly wounded.
The ogre completely misses you.
You barely miss the ogre.
The ogre is lightly wounded.
You hit the ogre.
The ogre is moderately wounded.
The ogre hits you with a +0 giant club!
* * * LOW HITPOINT WARNING * * *
You whack the ogre!
The ogre is severely wounded.
The ogre barely misses you.
You hit the ogre.
The ogre is severely wounded.
The ogre shouts!
You hit the ogre.
The ogre is almost dead.
The ogre hits you with a +0 giant club!!
Ouch! That really hurt!
You die...

Action                   |  1- 3 |  4- 6 || total
-------------------------+-------+-------++-------
Melee: Whip              |   193 |   154 ||   347
  Use: Potion            |     3 |     2 ||     5
       Scroll            |     1 |     5 ||     6
 Stab: Sleeping          |     3 |       ||     3
  Eat: Chunk             |     3 |     2 ||     5
Armor: Robe              |    38 |       ||    38
       Ring mail         |    70 |    60 ||   130
Dodge: Dodged            |   153 |    57 ||   210

Levels and vault maps discovered:
D:1:      sevenhm_arrival_forest_fort_small_4, layout_loops_ring
D:2:      layout_loops_ring
D:3:      layout_loops_corners, serial_glass, glass_columns_a, glass_columns_a,
          feat_on_display, minmay_strange_pillars, first_ration,
          palyth_stone_intersect

Notes
Turn   | Place    | Note
-------+----------+-------------------------------------------
     0 | D:1      | Camlann the Gargoyle Archaeologist began the quest for the
                  | Orb.
     0 | D:1      | Reached XP level 1. HP: 12/12 MP: 1/1
   123 | D:1      | Reached skill level 2 in Fighting
   128 | D:1      | Reached XP level 2. HP: 17/17 MP: 2/2
   842 | D:2      | Reached skill level 3 in Fighting
   849 | D:2      | Reached XP level 3. HP: 13/23 MP: 3/3
  1078 | D:2      | Reached skill level 2 in Maces & Flails
  1403 | D:2      | Reached skill level 3 in Maces & Flails
  1709 | D:2      | Reached XP level 4. HP: 28/28 MP: 4/4
  1859 | D:3      | Gained mutation: You are dopey. (Int -2) [potion of
                  | mutation]
  1859 | D:3      | Lost mutation: You are dopey. (Int -2) [potion of mutation]
  2065 | D:3      | Noticed an ogre
  2087 | D:2      | Reached skill level 4 in Maces & Flails
  2692 | D:3      | Noticed an ogre
  2705 | D:3      | Slain by an ogre

Vanquished Creatures
  An adder (D:3)
  An ooze (D:3)
  2 worms (D:2)
  A dart slug (D:3)
  3 leopard geckos
  6 orcs
  2 ball pythons
  3 giant cockroaches
  5 goblins
  6 hobgoblins
  10 jackals
  4 bats (D:1)
  3 frilled lizards
  A jackal skeleton (D:2)
  6 kobolds
  5 rats
59 creatures vanquished.
